AoeStats
← Efthiron

Arabia

503311406Analyzed
1v1 RM · 1mo ago on Aug 31, 2026· 29m 24s· 2 players
Game mode
Random Map
Map size
Tiny (2 player)
Population
200
Speed
Normal
Resources
Standard
Victory
Conquest
Starting age
Dark Age
Ending age
Imperial Age
RankedLock teamsTeams togetherTeam positionsShared explorationLock speedFull tech treeHidden civsTurbo modeCheats
Victory
Defeat
🇲🇽 Mongols · Mexico
1276
+16
🇨🇱 Romans · Chile
1267
-16
Roman
6:07 Loom
9:25 Feudal Age
9:52 Man-at-Arms
11:05 Scale Mail Armor
12:33 Fletching
21:05 Castle Age
19:16 Double-Bit Axe
20:26 Bloodlines
26:11 Forging
26:20 Husbandry
Efthiron
6:35 Loom
8:53 Feudal Age
10:29 Double-Bit Axe
11:44 Town Watch
13:08 Fletching
18:05 Wheelbarrow
22:06 Castle Age
20:32 Scale Barding Armor
20:37 Forging
21:40 Bloodlines
22:30 Forging
26:06 Iron Casting
26:31 Horse Collar
27:07 Gold Mining
Connection lost

Rejoining the realm…

Still unreachable

The connection could not be restored.

Session expired

The server has moved on; the page needs a fresh start.